AoeStats
← Frank

Arena

506323001Analyzed
1v1 RM · 18d ago on Sep 13, 2026· 36m 28s· 2 players
Game mode
Random Map
Map size
Tiny (2 player)
Population
200
Speed
Normal
Resources
Standard
Victory
Conquest
Starting age
Dark Age
Ending age
Imperial Age
RankedLock teamsTeams togetherTeam positionsShared explorationLock speedFull tech treeHidden civsTurbo modeCheats
Victory
Defeat
🇹🇼 Wei · Taiwan
962
+17
🇲🇽 Portuguese · Mexico
989
-44
隨風相緣
5:12 Loom
10:26 Feudal Age
16:03 Castle Age
14:05 Double-Bit Axe
14:20 Horse Collar
18:29 Heavy Plow
22:29 Fervor
26:03 Bow Saw
26:58 Wheelbarrow
26:11 Town Watch
27:03 Bloodlines
26:56 Husbandry
28:53 Hand Cart
32:01 Imperial Age
29:58 Ballistics
29:21 Treadmill Crane
30:39 Scale Barding Armor
30:46 Forging
31:21 Town Patrol
32:02 Chain Barding Armor
31:34 Fletching
32:14 Heavy Hei Guang Cavalry
34:58 Iron Casting
Frank
11:07 Feudal Age
11:48 Horse Collar
12:12 Double-Bit Axe
18:34 Castle Age
17:47 Gold Mining
18:38 Wheelbarrow
18:21 Stone Mining
20:33 Heavy Plow
23:38 Husbandry
25:37 Hand Cart
25:20 Loom
26:44 Scale Barding Armor
26:50 Forging
27:34 Bloodlines
28:31 Stone Shaft Mining
28:29 Padded Archer Armor
34:30 Imperial Age
32:55 Ballistics
32:23 Treadmill Crane
Connection lost

Rejoining the realm…

Still unreachable

The connection could not be restored.

Session expired

The server has moved on; the page needs a fresh start.